 Dungeon Crawl Stone Soup version 0.21.1-1-g345015fe64 (webtiles) character file.

129 Gargoyl the Skirmisher (level 4, -9/41 HPs)
             Began as a Centaur Abyssal Knight on Feb 6, 2018.
             Was a Follower of Lugonu.
             Blown up by Ijyb (12 damage)
             ... with a wand of disintegration (1)
             ... on level 2 of the Dungeon.
             The game lasted 00:04:01 (2868 turns).

Gargoyl the Skirmisher (Centaur Abyssal Knight)     Turns: 2868, Time: 00:04:02

Health: -9/41      AC:  6    Str: 15    XL:     4   Next: 88%
Magic:  5/5        EV: 11    Int: 11    God:    Lugonu [*.....]
Gold:   41         SH:  0    Dex:  9    Spells: 3/3 levels left

rFire    . . .     SeeInvis .   a - +1 hand axe
rCold    . . .     Gourm    .   (no shield)
rNeg     . . .     Faith    .   b - +0 leather armour
rPois    .         Spirit   .   (no helmet)
rElec    .         Reflect  .   i - +1 cloak
rCorr    .         Harm     .   (no gloves)
MR       .....                  (no barding)
Stlth    ..........             (no amulet)
HPRegen  0.13/turn              (no ring)
MPRegen  0.09/turn              (no ring)

@: very quick
A: large, hooves 3, repulsion field 1, deformed body, deterioration 1, speed 2,
tough skin 3, MP-powered wands
a: Depart the Abyss, Renounce Religion


You were on level 2 of the Dungeon.
You worshipped Lugonu.
Lugonu was aware of your devotion.
You were not hungry.

You visited 1 branch of the dungeon, and saw 2 of its levels.
You visited the Abyss 1 time.

You collected 41 gold pieces.

Inventory:

Hand Weapons
 a - a +1 hand axe (weapon)
Armour
 b - a +0 leather armour (worn)
 i - a +1 cloak (worn)
Scrolls
 d - 2 scrolls of identify
 e - a scroll of teleportation
Comestibles
 c - 4 rations


   Skills:
 + Level 4.5 Fighting
 + Level 2.4 Axes
 * Level 2.0 Armour
 + Level 1.0 Dodging
 * Level 2.4 Invocations


You had 3 spell levels left.
You didn't know any spells.

Dungeon Overview and Level Annotations

Branches:
Dungeon (2/15)

Altars:
Cheibriados

Annotations:
D:2 Ijyb


Innate Abilities, Weirdness & Mutations

You have hooves in place of feet.
Armour fits poorly on your strangely shaped body.
You cover ground very quickly.
You have extremely tough skin. (AC +3)
You are surrounded by a mild repulsion field. (EV +2)
Your body sometimes deteriorates upon taking damage.
You expend magic power (3 MP) to strengthen your wands.


Message History

Ijyb closely misses you.
You hit Ijyb but do no damage.
Ijyb is moderately wounded.
Ijyb zaps a wand.
You are blasted!
Ouch! That really hurt!
You closely miss Ijyb. You kick Ijyb.
Ijyb is moderately wounded.
Ijyb zaps a wand.
You barely resist. You hit Ijyb. Your kick misses Ijyb.
Ijyb is heavily wounded.
Ijyb screams, "I dance on your bones!" Ijyb closely misses you.
You closely miss Ijyb. You kick Ijyb, but do no damage.
Ijyb is heavily wounded.
Ijyb barely misses you.
Ijyb zaps a wand.
You are blasted!
* * * LOW HITPOINT WARNING * * *
You barely miss Ijyb.
Ijyb is heavily wounded.
Ijyb zaps a wand.
You are blasted!
You die...

# #....#.##### ######...
#..#.......# #..(
#....#.......# #...
#....############# #...
#..........8.8.8.8 #... #
#....####......... ##..
#.#....####......... #<.
# #.#......g..........
....
##'#........@..........
.#
.............((........
.....(...(.#.#.(8.8.8.8
...........'(.(.########
...........###.........##
...........'.....###.....
...........#####.###...#
...........# #.......#.
.......##### #..........


You could see Ijyb.

Vanquished Creatures
  A gnoll (D:1)
  An adder (D:2)
  A worm (D:2)
  2 dart slugs (D:1)
  A leopard gecko (D:2)
  A giant cockroach (D:2)
  2 hobgoblins
  3 kobolds
  A ball python (D:2)
  8 bats
  2 frilled lizards (D:1)
  8 goblins
  4 rats
35 creatures vanquished.

Vanquished Creatures (collateral kills)
  A small abomination (Abyss:2)
  An ufetubus (Abyss:2)
2 creatures vanquished.

Grand Total: 37 creatures vanquished

Notes
Turn   | Place    | Note
-------+----------+-------------------------------------------
     0 | Abyss:1  | Gargoyl the Centaur Abyssal Knight began the quest for the Orb.
     0 | Abyss:1  | Reached XP level 1. HP: 19/19 MP: 2/2
    60 | Abyss:2  | Noticed a small abomination
    69 | Abyss:2  | Killed a small abomination
    69 | Abyss:2  | Reached skill level 4 in Fighting
    69 | Abyss:2  | Reached XP level 2. HP: 15/27 MP: 3/3
    69 | Abyss:2  | Reached XP level 3. HP: 19/33 MP: 4/4
    69 | Abyss:2  | Reached XP level 4. HP: 23/40 MP: 5/5
    82 | Abyss:2  | Noticed a small abomination
    97 | Abyss:2  | Noticed a starcursed mass
    97 | Abyss:2  | Noticed a large abomination
    99 | D:1      | Escaped the Abyss
   419 | D:1      | Reached * piety under Lugonu
  1388 | D:2      | Noticed Ijyb
  1398 | D:2      | HP: 2/41 [goblin/stone (3)]
  1768 | D:2      | Reached skill level 1 in Dodging
  1781 | D:2      | Found a snail-covered altar of Cheibriados.
  2345 | D:2      | Gained mutation: You expend magic power (3 MP) to strengthen your wands. [potion of mutation]
  2345 | D:2      | Gained mutation: Your body sometimes deteriorates upon taking damage. [potion of mutation]
  2345 | D:2      | Gained mutation: You are surrounded by a mild repulsion field. (EV +2) [potion of mutation]
  2868 | D:2      | Blown up by Ijyb

Skill      XL: |  1  2  3  4 |
---------------+-------------+-----
Fighting       | 4 |  4.5
Axes           | 2 |  2.4
Dodging        | 1 |  1.0
Armour         | 2 |  2.0
Invocations    | |  2.4

Action                   |  1- 3 |  4- 6 || total
-------------------------+-------+-------++-------
Melee: Hand axe          |       |   125 ||   125
       Kick              |       |    25 ||    25
Invok: Depart the Abyss  |       |     1 ||     1
  Use: Scroll            |     2 |     2 ||     4
       Potion            |       |     4 ||     4
  Eat: Chunk             |       |     3 ||     3
       Ration            |       |     1 ||     1
Armor: Leather armour    |       |    63 ||    63
Dodge: Dodged            |     1 |    82 ||    83
